 Dungeon Crawl Stone Soup version 0.27-a0-1502-g47ed6a6988 (webtiles) character file.

Game seed: 18403114140946690990

766 lunkers the Insei (level 8, -6/54 HPs)
             Began as a Djinni Warper on July 8, 2021.
             Was an Initiate of Cheibriados.
             Mangled by a wight (10 damage)
             ... on level 5 of the Dungeon on July 9, 2021.
             The game lasted 00:08:50 (6448 turns).

lunkers the Insei (Djinni Warper)                   Turns: 6448, Time: 00:08:50

Health: -6/54      AC:  5    Str: 11    XL:     8   Next: 8%
Gold:   226        EV: 10    Int: 18    God:    Cheibriados [......] SH:  0 Dex: 14

rFire    + . .     SeeInvis .     - Unarmed
rCold    . . .     Faith    .   (no shield)
rNeg     . . .     Spirit   .   r - +0 ring mail
rPois    ∞         Reflect  .   (no helmet)
rElec    .         Harm     .   (no cloak)
rCorr    .         Rampage  .   (no gloves)
Will     .....                  (boots unavailable)
Stlth    +.........             m - amulet of regeneration
HPRegen  1.18/turn              o - ring of ice
MPRegen  0.00/turn              (no ring)

@: flying, very slightly contaminated, very slow
A: sickness immunity, fire resistance 2, cold vulnerability 1, float, innate
caster, hp casting, extra vitality 1
a: Renounce Religion, Bend Time


You were on level 5 of the Dungeon.
You worshipped Cheibriados.
Cheibriados was noncommittal.
You visited 2 branches of the dungeon, and saw 6 of its levels.

You collected 226 gold pieces.

Inventory:

Hand Weapons
 i - a +6 dagger
Missiles
 c - 5 boomerangs of dispersal
 d - 235 stones (quivered)
 f - 4 boomerangs
 p - 3 throwing nets
Armour
 a - a +0 leather armour
 r - a +0 ring mail (worn)
Jewellery
 j - a ring of fire
 m - an amulet of regeneration (around neck)
 o - a ring of ice (left hand)
Wands
 q - a wand of iceblast (5)
Scrolls
 b - a scroll of blinking
 l - a scroll of teleportation
Potions
 e - 2 potions of brilliance
 g - 2 potions of curing
 n - a potion of berserk rage {unknown}


   Skills:
 - Level 2.0 Fighting
 - Level 0.7 Throwing
 - Level 1.0 Armour
 - Level 2.1 Dodging
 * Level 7.1 Unarmed Combat
 + Level 4.3 Spellcasting


You couldn't memorise any spells.
You knew the following spells:

 Your Spells              Type           Power      Damage    Failure   Level
b - Lesser Beckoning      Tloc           9%         N/A       17%         3
c - Gell's Gravitas       Tloc           9%         N/A       17%         3
d - Teleport Other        Tloc           19%        N/A       17%         3
e - Manifold Assault      Tloc           19%        N/A       83%         5
f - Ignite Poison         Fire/Tmut/Pois 19%        N/A       17%         3
p - Blink                 Tloc           N/A        N/A       9%          2
q - Animate Skeleton      Necr           38%        N/A       5%          1
w - Call Imp              Summ           19%        N/A       9%          2
Your spell library was empty.

Dungeon Overview and Level Annotations

Branches:
Dungeon (5/15)             Temple (1/1) D:5

Altars:
Cheibriados
Dithmenos
Elyvilon
Fedhas
Kikubaaqudgha
Makhleb
Nemelex Xobeh
Okawaru
Qazlal
Ru
Sif Muna
Uskayaw
Vehumet
Wu Jian
Xom
Yredelemnul
Zin
The Shining One

Shops:
D:4 :


Innate Abilities, Weirdness & Mutations

You are immune to sickness and miasma.
You are immune to poison.
Your flesh is very heat resistant. (rF++)
You are vulnerable to cold. (rC-)
You float through the air rather than walking.
You learn spells naturally, not from books.
Your magical power is your life essence.
You have superior vitality. (+4 HP)


Message History

You completely miss the wight.
Your crimson imp blinks!
The wight hits you with a +0 long sword.
The wight hits you with a +4 battleaxe!
* * * LOW HITPOINT WARNING * * *
The wight barely misses your white imp.
You barely miss the wight. You punch the wight.
The wight is moderately damaged.
Your crimson imp barely misses the wight.
Your white imp misses the wight.
The wight closely misses you. The wight barely misses you.
Unknown command.
You hit the wight but do no damage.
The wight is moderately damaged.
The wight misses you.
The wight closely misses your crimson imp.
The wight hits your white imp with a +4 battleaxe.
Your white imp dies!
Your crimson imp barely misses the wight.
Your crimson imp hits the wight but does no damage.
The wight hits you with a +3 mace!
* * * LOW HITPOINT WARNING * * *
The wight hits you with a +0 long sword.
* * * LOW HITPOINT WARNING * * *
Casting: Call Imp (safe; 9% risk of failure)
Confirm with . or Enter, or press ? or * to list all spells.
Okay, then.
Casting: Call Imp (safe; 9% risk of failure)
Confirm with . or Enter, or press ? or * to list all spells.
You miscast Blink.
You are very lightly contaminated with residual magic.
Nothing appears to happen.
* * * LOW HITPOINT WARNING * * *
The wight hits you with a +4 battleaxe.
* * * LOW HITPOINT WARNING * * *
The wight barely misses your crimson imp.
Your crimson imp closely misses the wight.
Your crimson imp barely misses the wight.
The wight hits you with a +3 mace!
You die...

######### #######
........######5z.#.##
.........#.....z@...###
.#.....####'###z......######
.#....##......##5.......#..##
......#........#..####......#
......#..z#⌠...##.........##
......#..⌠###..#...........#
.####.#.z# ..#...........# .#
#..#.. ..#...###....##
####..#.. ..#..####5######


You could see 3 wights and 2 friendly crimson imps.

Vanquished Creatures
  2 water moccasin skeletons (D:4)
  A howler monkey (D:3)
  A centaur skeleton (D:5)
  A jelly (D:5)
  Natasha (D:3)
  An orc wizard (D:4)
  10 gnolls
  5 adders
  3 worms (D:2)
  A dart slug (D:1)
  9 orcs
  2 bats
  5 endoplasms
  A giant cockroach (D:1)
  6 goblins
  5 hobgoblins
  11 jackals
  A quokka (D:2)
  10 ball pythons
  2 frilled lizards
  4 kobolds (D:1)
  6 rats
88 creatures vanquished.

Vanquished Creatures (collateral kills)
  Sigmund (D:5)
  A sky beast (D:5)
  An ogre (D:4)
  A water moccasin skeleton (D:5)
  An orc priest (D:4)
  11 gnolls
  A shadow imp (D:5)
  An orc (D:4)
  A giant cockroach (D:4)
  A hobgoblin (D:4)
  A quokka (D:4)
21 creatures vanquished.

Grand Total: 109 creatures vanquished

Notes
Turn   | Place    | Note
-------+----------+-------------------------------------------
     0 | D:1      | lunkers the Djinni Warper began the quest for the Orb.
     0 | D:1      | Reached XP level 1. HP: 18/18 MP: 0/0
   318 | D:1      | Reached XP level 2. HP: 23/23 MP: 0/0
   791 | D:1      | Found a faded altar of an unknown god.
   797 | D:1      | Reached XP level 3. HP: 26/28 MP: 0/0
   797 | D:1      | Learned a level 1 spell: Animate Skeleton
   897 | D:1      | Reached skill level 3 in Unarmed Combat
  2063 | D:2      | Reached XP level 4. HP: 8/33 MP: 0/0
  3367 | D:2      | Reached skill level 4 in Unarmed Combat
  3412 | D:2      | Reached XP level 5. HP: 33/38 MP: 0/0
  3412 | D:2      | Learned a level 2 spell: Call Imp
  4021 | D:3      | Reached XP level 6. HP: 17/43 MP: 0/0
  4410 | D:3      | Reached skill level 5 in Unarmed Combat
  4822 | D:3      | Noticed Natasha
  4831 | D:3      | Killed Natasha
  5217 | D:4      | Noticed an ogre
  5233 | D:4      | Killed an ogre
  5259 | D:4      | Found Inie's Book Emporium.
  5579 | D:4      | Reached XP level 7. HP: 43/49 MP: 0/0
  5579 | D:4      | Learned a level 3 spell: Ignite Poison
  5634 | D:4      | Reached skill level 6 in Unarmed Combat
  5781 | D:5      | Entered Level 5 of the Dungeon
  5887 | D:5      | Found a basalt altar of Yredelemnul.
  6057 | D:5      | Found a staircase to the Ecumenical Temple.
  6092 | Temple   | Entered the Ecumenical Temple
  6159 | Temple   | Became a worshipper of Cheibriados the Contemplative
  6263 | D:5      | Found an ornate altar of the Wu Jian Council.
  6352 | D:5      | Noticed Sigmund
  6364 | D:5      | Killed Sigmund
  6365 | D:5      | Reached skill level 7 in Unarmed Combat
  6365 | D:5      | Reached XP level 8. HP: 43/54 MP: 0/0
  6448 | D:5      | Mangled by a wight

Illustrated notes

Levels and vault maps discovered:
D:1:      dpeg_arrival_morbid_curiosity, layout_basic,
          ebering_ecumenical_altar_box
D:2:      layout_basic
D:3:      layout_basic, uniq_natasha
D:4:      layout_basic, serial_shops, nicolae_shop_trees, minmay_distorted
D:5:      layout_cave_pools, mainiacjoe_overflow_tiny_flanked,
          nicolae_wu_jian_glorious_leap, temple_pool_b, kennysheep_another_room,
          chequers_arboretum, uniq_sigmund
Temple:   nicolae_temple_x_marks_the_god

Skill      XL: |  1  2  3  4  5  6  7 |
---------------+----------------------+-----
Unarmed Combat | 3 4 5 7 |  7.1
Spellcasting   | 3 4 |  4.3
Fighting       | |  2.0
Throwing       | |  0.7
Armour         | |  1.0
Dodging        | |  2.1

Action                   |  1- 3 |  4- 6 |  7- 9 || total
-------------------------+-------+-------+-------++-------
Melee: Unarmed           |   108 |       |    31 ||   139
       Dagger            |    42 |   155 |    38 ||   235
       Punch             |       |     1 |     2 ||     3
Throw: Stone             |    77 |    63 |     6 ||   146
 Cast: Call Imp          |       |    28 |    24 ||    52
  Use: Scroll            |       |       |    11 ||    11
       Potion            |       |       |     1 ||     1
Armor: Leather armour    |    41 |     9 |       ||    50
       Ring mail         |       |    21 |    29 ||    50
Dodge: Dodged            |    77 |    94 |    45 ||   216

Table legend: (Time is in decaauts)
 A = Elapsed time spent in this place.
 B = Non-inter-level travel time spent in this place.
 C = Inter-level travel time spent in this place.
 D = Time resting spent in this place.
 E = Time spent auto-exploring this place.
 F = Levels seen in this place.
 G = Mean time per level.
                   A        B        C        D        E       F      G
               +--------+--------+--------+--------+--------+-----+--------+
         Total |   6522 |   6034 |    488 |   1235 |   3741 |   6 | 1087.0 |
       Dungeon |   6442 |   5982 |    460 |   1235 |   3691 |   5 | 1288.4 |
        Temple |     80 |     52 |     28 |      0 |     50 |   1 |   80.0 |
               +--------+--------+--------+--------+--------+-----+--------+

Top non-repeatable levels by time:
     D:1: 2518 daAuts
     D:2: 1442 daAuts
     D:3: 1215 daAuts
     D:4: 641 daAuts
     D:5: 624 daAuts
  Temple: 80 daAuts
